 Dungeon Crawl Stone Soup version 0.30.1 (webtiles) character file.

Game seed: 17460854430144236473

213 cheesebisquit the Sneak (level 5, -2/34 HPs)
             Began as an Octopode Transmuter on July 1, 2023.
             Slain by a sleepcap (3 damage)
             ... on level 4 of the Dungeon.
             The game lasted 00:14:23 (4071 turns).

cheesebisquit the Sneak (Octopode Transmuter)       Turns: 4071, Time: 00:14:24

Health: -2/34      AC:  2    Str:  9    XL:     5   Next: 90%
Magic:  4/8        EV: 19    Int: 17    God:
Gold:   89         SH:  0    Dex: 18    Spells: 2/8 levels left

rFire   . .          .
                       - Unarmed
rCold   . . .        p - melded +0 buckler
rNeg    . . .        (helmet currently unavailable)
rPois   .            (no amulet)
rElec   .            i - ring of poison resistance
rCorr   .            (no ring)
SInv    .            (no ring)
Will    .....        (no ring)
Stlth   +++          (no ring)
HPRegen 0.25/turn    (no ring)
MPRegen 0.11/turn    (no ring)
                     (no ring)

%: no passive effects
@: spider-form (expiring), wereblooded
A: venomous fangs, almost no armour, (amphibious), 8 rings, tiny, (camouflage
1), (gelatinous body 1), (nimble swimmer 1), (tentacles)
a: End Transformation


You were on level 4 of the Dungeon.
You were a venomous arachnid creature.
You visited 1 branch of the dungeon, and saw 4 of its levels.

You collected 89 gold pieces.

Inventory:

Missiles
 c - a throwing net
 f - 9 poisoned darts
Armour
 p - a +0 buckler (melded)
Jewellery
 i - a ring of poison resistance (left front pincers)
 q - a ring of fire
Scrolls
 h - a scroll of teleportation
 m - a scroll of fog
 n - a scroll of torment
 s - a scroll of amnesia {unknown}
 t - a scroll of immolation {unknown}
Potions
 a - 4 potions of lignification
 d - 2 potions of brilliance
 e - 2 potions of magic
 k - a potion of resistance
 l - a potion of berserk rage {unknown}
 o - a potion of flight {unknown}
 r - 3 potions of curing
 u - a potion of mutation {unknown}


   Skills:
 - Level 2.0 Fighting
 - Level 2.0 Throwing
 - Level 2.0 Dodging
 - Level 4.0 Stealth
 - Level 2.0 Shields
 - Level 3.0 Unarmed Combat
 - Level 2.0 Spellcasting
 - Level 2.0 Transmutations
 + Level 3.2 Poison Magic


You had 2 spell levels left.
You knew the following spells:

 Your Spells              Type           Power      Damage    Failure   Level
a - Beastly Appendage     Tmut           16%        N/A       22%         1
b - Wereblood             Tmut           8%         N/A       30%         2
c - Spider Form           Tmut/Pois      10%        N/A       41%         3

Your spell library contained the following spells:

 Spells                   Type           Power      Damage    Failure   Level
 Volatile Blastmotes      Fire/Tloc      2%         2d10      71%         3
 Ice Form                 Ice/Tmut       5%         N/A       90%         4
 Fulminant Prism          Conj/Hex       0%         3d5       96%         4
 Iskenderun's Mystic Bla  Conj/Tloc      1%         2d3       96%         4
 Lee's Rapid Deconstruct  Erth           0%         3d4*      100%        5


Dungeon Overview and Level Annotations

Branches:
Dungeon (4/15)
 Temple: D:4-7

Altars:

Shops:
D:3 :


Innate Abilities, Weirdness & Mutations

You are a venomous arachnid creature.
You have venomous fangs.
You are tiny and dextrous.
Your spellcasting is less reliable in this form.
Your armour is entirely melded.
You are incapable of wielding weapons or throwing items.
You cannot wear most types of armour.
((You are amphibious.))
You can wear up to eight rings at the same time.
((Your skin changes colour to match your surroundings (Stealth+).))
((Your rubbery body absorbs attacks. (AC +1, EV +1)))
((You are camouflaged when in or above water. (Stealth+)))
((You have tentacles for arms and can constrict up to eight enemies at once.))


Message History

Your blood is infused with primal strength.
The dart slug launches a dart at you. The slug dart misses you.
The sleepcap releases spores at you.
You are engulfed in a cloud of soporific spores!
You fall asleep.
The sleepcap releases spores at you!!
You wake up.
Ouch! That really hurt!
The dart slug launches a dart at you. The slug dart misses you.
You hit the sleepcap.
The sleepcap is lightly damaged.
The sleepcap releases spores at you but does no damage.
You hit the sleepcap but do no damage.
The sleepcap is lightly damaged.
The sleepcap completely misses you.
You hit the dart slug but do no damage.
The dart slug is poisoned.
The sleepcap closely misses you. The dart slug closely misses you.
You hit the dart slug.
The dart slug looks even sicker.
The dart slug is severely wounded.
The sleepcap closely misses you.
You hit the dart slug.
The dart slug is almost dead.
You feel a bit better.
You kill the dart slug!
You hit the sleepcap.
The sleepcap is poisoned.
The sleepcap is lightly damaged.
The sleepcap barely misses you.
You hit the sleepcap but do no damage.
The sleepcap is lightly damaged.
The sleepcap releases spores at you.
* * * LOW HITPOINT WARNING * * *
You are engulfed in a cloud of soporific spores!
You fall asleep.
Your transformation is almost over.
The sleepcap releases spores at you!
You wake up.
* * * LOW HITPOINT WARNING * * *
You hit the sleepcap but do no damage.
The sleepcap is moderately damaged.
The sleepcap releases spores at you.
You die...

#.)..........
#............
#............
#............
#............
#............
#...†......(.
#....s.......
#....f.......
#...........$
#............
#............
#.###########
#. #


You could see a sleepcap (very poisoned).

Vanquished Creatures
  A scorpion (D:3)
  7 adders
  An ufetubus (D:4)
  4 worms
  3 dart slugs
  An orc (D:4)
  7 endoplasms
  A giant cockroach (D:2)
  10 goblins
  8 hobgoblins
  7 kobolds
  3 quokkas
  4 ball pythons
  4 bats
  3 frilled lizards
  6 rats
70 creatures vanquished.

Notes
Turn   | Place    | Note
-------+----------+-------------------------------------------
     0 | D:1      | cheesebisquit the Octopode Transmuter began the quest for
                  | the Orb.
     0 | D:1      | Reached XP level 1. HP: 13/13 MP: 3/3
    65 | D:1      | Reached skill level 1 in Stealth
   171 | D:1      | Reached skill level 2 in Stealth
   241 | D:1      | Reached XP level 2. HP: 18/18 MP: 3/5
   280 | D:1      | Reached skill level 1 in Throwing
   709 | D:2      | Reached XP level 3. HP: 21/23 MP: 4/6
   792 | D:2      | Reached skill level 3 in Stealth
   849 | D:2      | Learned a level 2 spell: Wereblood
   853 | D:2      | Learned a level 3 spell: Spider Form
  1182 | D:2      | Reached skill level 4 in Stealth
  1182 | D:2      | Reached XP level 4. HP: 28/28 MP: 1/7
  1327 | D:2      | Reached skill level 1 in Poison Magic
  2296 | D:3      | Reached XP level 5. HP: 34/34 MP: 4/8
  2545 | D:3      | Found Janod's Book Boutique.
  3283 | D:3      | Reached skill level 1 in Shields
  3994 | D:4      | Noticed a phantom
  4070 | D:4      | HP: 1/34 [sleepcap (8)]
  4071 | D:4      | Slain by a sleepcap

Illustrated notes

Levels and vault maps discovered:
D:1:      minmay_arrival_arboretum_small, layout_basic, grunt_decor_fettered,
          chequers_garden
D:2:      layout_basic, minmay_fountain_box, grunt_ministairs_11,
          hex_intersection
D:3:      layout_basic, serial_shops, nicolae_book_shop_shelving,
          minmay_close_crescents
D:4:      layout_basic, nicolae_qazlal_scattered_showers, ebering_ghost_sewer_f

Skill      XL: |  1  2  3  4  5 |
---------------+----------------+-----
Stealth        | 2 4 |  4.0
Throwing       | 2 |  2.0
Poison Magic   | 2 3 |  3.2
Fighting       | 2 |  2.0
Shields        | 2 |  2.0
Dodging        | |  2.0
Unarmed Combat | |  3.0
Spellcasting   | |  2.0
Transmutations | |  2.0

Action                     |  1- 3 |  4- 6 || total
---------------------------+-------+-------++-------
  Melee: Unarmed           |    72 |    91 ||   163
         Constrict         |    17 |    11 ||    28
         Kick              |    18 |    14 ||    32
         Tentacles         |     8 |     8 ||    16
         Punch             |     2 |       ||     2
  Throw: Dart              |     4 |       ||     4
   Cast: Beastly Appendage |    21 |    10 ||    31
         Spider Form       |     6 |    13 ||    19
         Wereblood         |     2 |    13 ||    15
    Use: Scroll            |       |     9 ||     9
         Potion            |       |     1 ||     1
   Stab: Sleeping          |     5 |     6 ||    11
         Distracted        |       |     2 ||     2
 Armour: Skin              |     1 |     8 ||     9
  Dodge: Dodged            |    39 |    45 ||    84
  Block: Buckler           |       |     3 ||     3
